 Dungeon Crawl Stone Soup version 0.31-a0-1611-g890cdf5628 (webtiles) character file.

Game seed: 6560196938403076265

317 innerfire43 the Cudgeller (level 6, -2/41 HPs)
             Began as a Demonspawn Wanderer on Jan 8, 2024.
             Was a Believer of Wu Jian.
             Slain by an elf zombie (6 damage)
             ... in an ossuary.
             The game lasted 00:06:33 (3319 turns).

innerfire43 the Cudgeller (Demonspawn Wanderer)     Turns: 3319, Time: 00:06:35

Health: -2/41      AC:  3    Str: 14    XL:     6   Next: 20%
Magic:  6/6        EV: 12    Int:  8    God:    Wu Jian [**....]
Gold:   221        SH:  6    Dex: 17    Spells: 5/5 levels left

rFire   . . .        a - +2 mace
rCold   . . .        c - +1 buckler
rNeg    . . .        e - +0 leather armour
rPois   .            (helmet restricted)
rElec   .            (no cloak)
rCorr   .            (no gloves)
SInv    .            (no boots)
Will    +....        (no amulet)
Stlth   +            m - +5 ring of evasion
HPRegen 0.26/turn    (no ring)
MPRegen 0.10/turn

%: no passive effects
@: about to teleport, enlightened, flying, constricted
A: antennae 1, hooves 2, foul stench 1
a: Renounce Religion, Wall Jump


You were in an ossuary.
You worshipped Wu Jian.
Wu Jian was pleased with you.
You visited 1 branch of the dungeon, and saw 5 of its levels.
You also visited: Ossuary.

You collected 221 gold pieces.

Inventory:

Hand Weapons
 a - a +2 mace (weapon)
 b - a +0 spear
 j - a +3 sling
Armour
 c - a +1 buckler (worn)
 e - a +0 leather armour (worn)
 l - a +0 helmet
Jewellery
 m - a +5 ring of evasion (left hand)
Scrolls
 h - 2 scrolls of teleportation
 i - 3 scrolls of poison
 n - a scroll of immolation
 p - a scroll of enchant armour
Potions
 d - a potion of berserk rage
 k - a potion of enlightenment


   Skills:
 - Level 4.0 Maces & Flails
 - Level 1.0 Polearms
 * Level 3.7 Ranged Weapons
 - Level 1.0 Throwing
 + Level 3.7 Armour
 - Level 2.0 Shields
 - Level 1.0 Evocations


You had 5 spell levels left.
You didn't know any spells.
Your spell library contained the following spells:

 Spells                   Type           Power      Damage    Failure   Level
 Magic Dart               Conj           0%         1d3       58%         1
 Blink                    Tloc           0%         N/A       73%         2
 Call Imp                 Summ           0%         N/A       73%         2
 Cigotuvi's Dreadful Rot  Necr/Alch/Air  0%         N/A       73%         2
 Ensorcelled Hibernation  Hex/Ice        0%         N/A       73%         2
 Fugue of the Fallen      Necr           0%         N/A       91%         3
 Stone Arrow              Conj/Erth      0%         3d7       91%         3
 Anguish                  Hex/Necr       0%         N/A       100%        4
 Animate Armour           Summ/Erth      0%         N/A       100%        4
 Ignite Poison            Fire/Alch      0%         N/A       100%        4
 Freezing Cloud           Conj/Ice/Air   0%         6-21      100%        5
 Lehudib's Crystal Spear  Conj/Erth      0%         10d2      100%        8


Dungeon Overview and Level Annotations

Branches:
Dungeon (4/15)            Ossuary (1/1)
 Temple: D:4-7

Altars:
Cheibriados
Fedhas
Hepliaklqana
Sif Muna
Wu Jian
Xom

Shops:
D:2 ?


Innate Abilities, Weirdness & Mutations

You have a pair of small antennae on your head.
You have hoof-like feet.
You may rarely emit foul miasma when damaged in melee.


Message History

The crocodile zombie is lightly damaged.
The elf zombie misses you.
The crocodile zombie bites you but does no damage.
The jackal zombie misses you.
Fire: j) +3 sling
Press: ? - help, Q - select action, (/) - cycle Shift-Dir - straight line, f - elf zombie, p - crocodile zombie
Aim: an elf zombie (heavily damaged, 58% to hit)
You shoot a sling bullet. The sling bullet hits the elf zombie.
The elf zombie is heavily damaged.
You block the jackal zombie's attack. The crocodile zombie bites you!
* * * LOW HITPOINT WARNING * * *
The elf zombie misses you. The jackal zombie closely misses you.
It was a potion of enlightenment.
You feel very buoyant.
You fly up into the air.
You block the crocodile zombie's attack.
The elf zombie closely misses you. The adder zombie bites you.
* * * LOW HITPOINT WARNING * * *
You emit a cloud of foul miasma!
The jackal zombie closely misses you.
It was a potion of heal wounds.
You feel much better. The adder zombie closely misses you.
The jackal zombie misses you.
The crocodile zombie closely misses you.
The elf zombie hits you.
a - a +2 mace (weapon)
The ball python zombie bites you. The ball python zombie grabs you.
The ball python zombie constricts you. The jackal zombie bites you.
The adder zombie bites you but does no damage.
The air fills with toxic fumes!
As you read the scroll of poison, it crumbles to dust.
The crocodile zombie bites you. You block the elf zombie's attack.
The ball python zombie misses you. The ball python zombie constricts you.
The jackal zombie bites you but does no damage.
The adder zombie closely misses you.
As you read the scroll of teleportation, it crumbles to dust.
You feel strangely unstable.
The jackal zombie bites you but does no damage.
The crocodile zombie bites you!
* * * LOW HITPOINT WARNING * * *
The elf zombie hits you.
You die...

#..# #§§# #..#
#§§# #.∩# #§§####
#..# #§§#... {#..#
#§§#..# #.∩#
#§§#..# #..#
##ZZ##.# ##..#
#§§@Z#.###...#
#§ZZ§#...#...#
#§§§§§§.''...#
#§§§§§§###....#
.§§§§§§§§§......#
§§§§§§§§§§§.....#
##################


You could see a ball python zombie, an adder zombie, a jackal zombie, a
crocodile zombie and an elf zombie.

Vanquished Creatures
  Sigmund (D:4)
  A centaur zombie (Ossuary)
  A hound zombie (Ossuary)
  3 adders (D:3)
  2 adder zombies (Ossuary)
  2 dart slugs
  A ribbon worm (D:2)
  2 orcs
  6 bats
  3 endoplasms
  2 giant cockroaches
  6 hobgoblins
  2 jackals (D:3)
  6 kobolds
  2 quokkas
  3 ball pythons
  2 frilled lizards (D:3)
  13 goblins
  3 jackal zombies (Ossuary)
  A kobold zombie (Ossuary)
  4 rats
  A spectral goblin (D:3)
67 creatures vanquished.

Notes
Turn   | Place    | Note
-------+----------+-------------------------------------------
     0 | D:1      | innerfire43 the Demonspawn Wanderer began the quest for the
                  | Orb.
     0 | D:1      | innerfire43 set off with the following items: a +2 mace, a
                  | +0 spear, a +0 buckler, a potion of berserk rage, a +0
                  | leather armour.
     0 | D:1      | Reached XP level 1. HP: 13/13 MP: 1/1
   189 | D:1      | Discovered your monstrous ancestry.
   189 | D:1      | Gained mutation: You have large cloven feet. [demonic
                  | ancestry]
   189 | D:1      | Reached XP level 2. HP: 18/19 MP: 2/2
   572 | D:1      | Found a faded altar of an unknown god.
   722 | D:1      | Prayed at the altar of an unknown god.
   722 | D:1      | Became a worshipper of the Wu Jian Council
   722 | D:1      | Reached * piety under Wu Jian
   978 | D:2      | Found Nugroq's Magic Scroll Boutique.
  1425 | D:2      | Gained mutation: You have a pair of small antennae on your
                  | head. [demonic ancestry]
  1425 | D:2      | Reached XP level 3. HP: 24/24 MP: 3/3
  1695 | D:3      | Reached ** piety under Wu Jian
  1735 | D:3      | Reached skill level 1 in Ranged Weapons
  1735 | D:3      | Reached XP level 4. HP: 30/30 MP: 4/4
  1738 | D:3      | Reached skill level 4 in Maces & Flails
  1745 | D:3      | Found a shimmering altar of Xom.
  1748 | D:3      | Found a snail-covered altar of Cheibriados.
  2201 | D:3      | Found a hazy altar of Hepliaklqana.
  2504 | D:3      | Found a shimmering blue altar of Sif Muna.
  2513 | D:3      | Found a blossoming altar of Fedhas.
  2696 | D:4      | Noticed Sigmund
  2885 | D:4      | Killed Sigmund
  2886 | D:4      | Gained mutation: You have hoof-like feet. [demonic
                  | ancestry]
  2886 | D:4      | Reached XP level 5. HP: 21/35 MP: 5/5
  3207 | D:4      | You fall into a shaft and drop 2 floors!
  3207 | D:6      | Found a sand-covered staircase.
  3213 | Ossuary  | Entered an ossuary
  3230 | Ossuary  | Gained mutation: You may rarely emit foul miasma when
                  | damaged in melee. [demonic ancestry]
  3230 | Ossuary  | Reached XP level 6. HP: 41/41 MP: 6/6
  3315 | Ossuary  | HP: 2/41 [adder zombie (3)]
  3319 | Ossuary  | Slain by an elf zombie

Illustrated notes

Levels and vault maps discovered:
D:1:      orjb1_lava_funnel, layout_loops_ring,
          dilly_ecumenical_altar_fadedgnrine
D:2:      cheibrodos_greedy_goblins, layout_loops_cross, serial_shops, shop,
          bh_walls_and_bars
D:3:      layout_basic, mainiacjoe_overflow_swirl,
          nicolae_hepliaklqana_monster_ancestors, nicolae_overflow_squiral
D:4:      layout_loops_ring, mainiacjoe_overflow_alcove_4, uniq_sigmund
D:6:      layout_loops_ring, trog_book, nicolae_ossuary_entry_ruins,
          gup_sewer_entry_pipe, nicolae_the_louvre
Ossuary:  minmay_ossuary_two_tombs

Skill      XL: |  1  2  3  4 |
---------------+-------------+-----
Armour         | 2 3 |  3.7
Shields        | 2 |  2.0
Ranged Weapons | 1 3 |  3.7
Maces & Flails | 4 |  4.0
Polearms       | |  1.0
Throwing       | |  1.0
Evocations     | |  1.0

Action                     |  1- 3 |  4- 6 || total
---------------------------+-------+-------++-------
  Melee: Mace              |    60 |       ||    60
         Kick              |    10 |       ||    10
   Fire: Sling             |    19 |   131 ||   150
Ability: Lunge             |     1 |       ||     1
         Whirlwind         |     1 |       ||     1
    Use: Scroll            |     6 |     2 ||     8
         Potion            |       |     5 ||     5
   Stab: Sleeping          |     2 |       ||     2
 Armour: Leather armour    |    24 |    64 ||    88
         Skin              |       |     1 ||     1
  Dodge: Dodged            |    38 |    66 ||   104
  Block: Buckler           |     8 |    38 ||    46

Table legend: (Time is in decaauts)
 A = Elapsed time spent in this place.
 B = Non-inter-level travel time spent in this place.
 C = Inter-level travel time spent in this place.
 D = Time resting spent in this place.
 E = Time spent auto-exploring this place.
 F = Levels seen in this place.
 G = Mean time per level.
                   A        B        C        D        E       F      G
               +--------+--------+--------+--------+--------+-----+--------+
         Total |   3393 |   3248 |    145 |      0 |   2529 |   6 |  565.5 |
       Dungeon |   3274 |   3129 |    145 |      0 |   2478 |   5 |  654.8 |
       Ossuary |    119 |    119 |      0 |      0 |     51 |   1 |  119.0 |
               +--------+--------+--------+--------+--------+-----+--------+

Top non-repeatable levels by time:
     D:3: 1308 daAuts
     D:2: 813 daAuts
     D:1: 757 daAuts
     D:4: 389 daAuts
 Ossuary: 119 daAuts
     D:6: 5 daAuts
